 Dungeon Crawl Stone Soup version 0.23.2 (webtiles) character file.

Game seed: 11821460149459325737

35 Borgoz the Cutter (level 3, -1/30 HPs)
             Began as a Ghoul Gladiator on Apr 4, 2019.
             Slain by a worm (8 damage)
             ... on level 1 of the Dungeon.
             The game lasted 00:01:20 (662 turns).

Borgoz the Cutter (Ghoul Gladiator)                  Turns: 662, Time: 00:01:21

Health: -1/30      AC:  4    Str: 17    XL:     3   Next: 35%
Magic:  2/2        EV: 12    Int:  4    God:
Gold:   31         SH:  0    Dex: 10    Spells: 2/2 levels left

rFire    . . .     SeeInvis .   a - +0 rapier
rCold    + . .     Gourm    .   (no shield)
rNeg     + + +     Faith    .   b - +0 leather armour
rPois    ∞         Spirit   .   c - +0 helmet
rElec    .         Reflect  .   (no cloak)
rCorr    .         Harm     .   (no gloves)
MR       .....                  (no boots)
Stlth    ..........             (no amulet)
HPRegen  0.00/turn              e - ring of attention (curse)
MPRegen  0.08/turn              (no ring)

@: rotting
A: rotting body, claws 1, carnivore, cold resistance 1, negative energy
resistance 3, inhibited regeneration, torment resistance, unbreathing
a: no special abilities


You were on level 1 of the Dungeon.
You were not hungry.

You visited 1 branch of the dungeon, and saw 2 of its levels.

You collected 31 gold pieces.

Inventory:

Hand Weapons
 a - a +0 rapier (weapon)
Missiles
 d - 3 throwing nets (quivered)
Armour
 b - a +0 leather armour (worn)
 c - a +0 helmet (worn)
Jewellery
 e - a cursed ring of attention (left claw)
 l - a cursed amulet of inaccuracy {unknown}
 m - an uncursed ring of protection from cold {unknown}
Scrolls
 i - a scroll of fog {unknown}
Potions
 h - a potion of brilliance {unknown}
 j - a potion of berserk rage {unknown}
 k - a potion of heal wounds {unknown}
 n - a potion of haste {unknown}
Comestibles
 f - a ration
 g - 8 chunks of flesh


   Skills:
 + Level 2.4 Fighting
 * Level 3.1 Short Blades
 - Level 1.7 Throwing
 * Level 1.0 Armour
 * Level 3.0 Dodging
 + Level 1.0 Stealth


You had 2 spell levels left.
You didn't know any spells.
Your spell library was empty.

Dungeon Overview and Level Annotations

Branches:
Dungeon (2/15)

Altars:


Innate Abilities, Weirdness & Mutations

Your body is rotting away.
You thrive on raw meat.
You are immune to poison.
You have sharp fingernails.
You are carnivorous and can eat meat at any time.
Your flesh is cold resistant. (rC+)
You are immune to negative energy. (rN+++)
You do not regenerate when monsters are visible.
You are immune to unholy pain and torment.
You can survive without breathing.


Message History

The adder barely misses you. The worm bites you! The adder barely misses you.
You are too injured to fight recklessly!
The adder bites you.
* * * LOW HITPOINT WARNING * * *
The adder closely misses you.
You closely miss the adder.
The adder is heavily wounded.
The adder barely misses you. The adder bites you.
* * * LOW HITPOINT WARNING * * *
You hit the adder.
You kill the adder!
Your Armour skill increases to level 1!
Your Dodging skill increases to level 3!
Your Stealth skill increases to level 1!
You hit the worm.
The worm is moderately wounded.
You hit the worm.
The worm is heavily wounded.
The worm bites you!
You die...

### ###### #.####.##.#
##############
#.........####.............
#.####.#..@w.#.############
#.####.#.###.#.# #......#.....#.#
#..###.#...#.#.######
#######..###.......#....(.#######
#.....#..#.......................
#..).....#......>................
#..#..#..#......#.#####.#.###....
##.......#..........###.#.# #....


You could see a worm.

Vanquished Creatures
  An adder (D:1)
  A dart slug (D:1)
  A leopard gecko (D:1)
  A giant cockroach (D:1)
  4 goblins (D:1)
  3 hobgoblins (D:1)
  2 bats (D:1)
  3 frilled lizards (D:1)
  3 kobolds (D:1)
  5 rats (D:1)
24 creatures vanquished.

Notes
Turn   | Place    | Note
-------+----------+-------------------------------------------
     0 | D:1      | Borgoz the Ghoul Gladiator began the quest for the Orb.
     0 | D:1      | Reached XP level 1. HP: 17/17 MP: 0/0
    70 | D:1      | Reached XP level 2. HP: 5/25 MP: 1/1
   544 | D:1      | Reached XP level 3. HP: 18/30 MP: 2/2
   658 | D:1      | Reached skill level 1 in Armour
   658 | D:1      | Reached skill level 1 in Stealth
   662 | D:1      | Slain by a worm

Skill      XL: |  1  2  3 |
---------------+----------+-----
Short Blades   | 3 |  3.1
Armour         | 1 |  1.0
Dodging        | 3 |  3.0
Stealth        | 1 |  1.0
Fighting       | |  2.4
Throwing       | |  1.7

Action                   || total
-------------------------++-------
Melee: Rapier            ||    88
  Eat: Chunk             ||     6
Armor: Leather armour    ||    21
Dodge: Dodged            ||    57
